 Dungeon Crawl Stone Soup version 0.31-a0-263-ge8cad7f256 (webtiles) character file.

Game seed: 1846561786858299873

210 Iniera the Ducker (level 5, -5/42 HPs)
             Began as a Vampire Monk on July 14, 2023.
             Slain by a sleepcap (7 damage)
             ... on level 3 of the Dungeon.
             The game lasted 00:02:31 (2453 turns).

Iniera the Ducker (Vampire Monk)                    Turns: 2453, Time: 00:02:32

Health: -5/42      AC:  2    Str: 10    XL:     5   Next: 56%
Magic:  5/5        EV: 14    Int: 13    God:
Gold:   46         SH:  0    Dex: 18    Spells: 4/4 levels left

rFire   . . .        j - +2 dagger (venom)
rCold   . . .        d - orb {light}
rNeg    . . .        b - +0 robe
rPois   .            (no helmet)
rElec   .            (no cloak)
rCorr   .            (no gloves)
SInv    +            (no boots)
Will    .....        (no amulet)
Stlth   +            (no ring)
HPRegen 0.47/turn    (no ring)
MPRegen 0.09/turn

%: no passive effects
@: healing quickly, glowing
A: alive, fangs 3, see invisible, vampiric 2
a: Exsanguinate


You were on level 3 of the Dungeon.
You visited 1 branch of the dungeon, and saw 4 of its levels.

You collected 46 gold pieces.

Inventory:

Hand Weapons
 a - a +1 falchion
 j - a +2 dagger of venom (weapon)
Missiles
 i - a throwing net
Armour
 b - a +0 robe (worn)
 d - an orb of light (worn)
Jewellery
 l - an amulet of the acrobat
Wands
 n - a wand of paralysis (1)
Scrolls
 f - a scroll of enchant weapon
 k - 2 scrolls of identify
Potions
 c - a potion of ambrosia
 e - 2 potions of invisibility
 g - a potion of haste
 h - 2 potions of curing
 o - a potion of berserk rage


   Skills:
 + Level 4.0 Fighting
 - Level 4.3 Long Blades
 + Level 4.8 Dodging


You had 4 spell levels left.
You didn't know any spells.
Your spell library contained the following spells:

 Spells                   Type           Power      Damage    Failure   Level
 Slow                     Hex            0%         N/A       30%         1
 Ensorcelled Hibernation  Hex/Ice        0%         N/A       43%         2
 Confusing Touch          Hex            0%         N/A       67%         3
 Vampiric Draining        Necr           0%         2d6       67%         3
 Anguish                  Hex/Necr       0%         N/A       97%         4


Dungeon Overview and Level Annotations

Branches:
Dungeon (4/15)
 Temple: D:4-7

Altars:


Innate Abilities, Weirdness & Mutations

Your natural rate of healing is accelerated.
You have razor-sharp teeth.
You have supernaturally acute eyesight. (SInv)
You are afflicted with vampirism and can become a bat while bloodless.


Message History

The sleepcap barely misses you.
You hit the sleepcap.
You bite the sleepcap, but do no damage.
The sleepcap is heavily damaged.
The sleepcap barely misses you.
You hit the sleepcap but do no damage.
The sleepcap is heavily damaged.
The sleepcap misses you.
You hit the sleepcap but do no damage.
You bite the sleepcap, but do no damage.
The sleepcap is heavily damaged.
The sleepcap releases spores at you but does no damage.
You hit the sleepcap but do no damage.
The sleepcap is heavily damaged.
The sleepcap releases spores at you.
You hit the sleepcap.
The sleepcap is severely damaged.
You hit the sleepcap.
You bite the sleepcap, but do no damage.
The sleepcap is severely damaged.
The sleepcap releases spores at you.
You are engulfed in a cloud of soporific spores!
You fall asleep.
The sleepcap releases spores at you!!
You wake up.
Ouch! That really hurt!
* * * LOW HITPOINT WARNING * * *
You are engulfed in a cloud of soporific spores!
You are unaffected.
You hit the sleepcap but do no damage.
The sleepcap is severely damaged.
The sleepcap releases spores at you.
* * * LOW HITPOINT WARNING * * *
You are engulfed in a cloud of soporific spores!
You are unaffected.
Unknown command.
Unknown command.
You hit the sleepcap but do no damage.
The sleepcap is poisoned.
The sleepcap is severely damaged.
The sleepcap releases spores at you!
You die...

#..........# #.########.#
#.# #.# #.# #.# #.# #.# ###
#.# #.# #.. #.# #.# #.. #.#
#####.# #.. #.# ##@....###
#.. #.# #f...#...########..
#.###....#.#..)).).....
#........#.####†....#..
#####....#.# #.###.#..
#....#.# #.# #.###
##'###.####.# #.# #.#
#......# #.###
################.##########
#....


You could see a sleepcap (very poisoned).

Vanquished Creatures
  A hound (D:4)
  Natasha (twice) (D:2)
  2 adders (D:3)
  5 gnolls
  A worm (D:2)
  3 dart slugs (D:3)
  An orc (D:3)
  4 endoplasms
  2 giant cockroaches
  6 goblins
  6 hobgoblins
  A quokka (D:1)
  2 ball pythons (D:2)
  8 bats
  5 frilled lizards
  10 kobolds
  6 rats
65 creatures vanquished.

Notes
Turn   | Place    | Note
-------+----------+-------------------------------------------
     0 | D:1      | Iniera the Vampire Monk began the quest for the Orb.
     0 | D:1      | Reached XP level 1. HP: 17/17 MP: 1/1
    88 | D:1      | Reached XP level 2. HP: 22/23 MP: 2/2
   576 | D:1      | Gained mutation: You are afflicted with vampirism and can
                  | become a bat while bloodless. [Vampire growth]
   576 | D:1      | Reached XP level 3. HP: 29/29 MP: 3/3
   927 | D:2      | Noticed Natasha
   935 | D:2      | Killed Natasha
   936 | D:2      | Reached XP level 4. HP: 13/35 MP: 4/4
  1120 | D:2      | Noticed Natasha
  1132 | D:2      | Killed Natasha
  1670 | D:3      | Reached XP level 5. HP: 32/41 MP: 5/5
  2000 | D:3      | Found a faded altar of an unknown god.
  2452 | D:3      | HP: 1/42 [sleepcap (4)]
  2453 | D:3      | Slain by a sleepcap

Illustrated notes

Levels and vault maps discovered:
D:1:      psy_arrival_radial01, layout_basic, chequers_serial_rivers_room_a
D:2:      minmay_spotlight, layout_basic, serial_forest,
          infiniplex_forest_lined_room_, infiniplex_forest_clump_long,
          infiniplex_forest_clump_small, infiniplex_forest_zigzag_1,
          infiniplex_forest_clump_cross, infiniplex_forest_zigzag_1,
          infiniplex_forest_lined_room_, minmay_misc_feat_tower,
          nrook_loot_triangle, nicolae_concentric_dashed_squares_wild,
          uniq_natasha
D:3:      layout_basic, hellmonk_ecumenical_altar_lost_god
D:4:      layout_cave_pools, mainiacjoe_overflow_boulevard

Skill      XL: |  1  2  3  4  5 |
---------------+----------------+-----
Fighting       | 3 4 |  4.0
Long Blades    | 4 |  4.3
Dodging        | 4 |  4.8

Action                     |  1- 3 |  4- 6 || total
---------------------------+-------+-------++-------
  Melee: Falchion          |    59 |    25 ||    84
         Bite              |     7 |    12 ||    19
         Dagger            |       |    73 ||    73
    Use: Scroll            |     2 |     7 ||     9
         Potion            |       |     2 ||     2
 Armour: Robe              |    10 |     5 ||    15
  Dodge: Dodged            |    34 |    67 ||   101

Table legend: (Time is in decaauts)
 A = Elapsed time spent in this place.
 B = Non-inter-level travel time spent in this place.
 C = Inter-level travel time spent in this place.
 D = Time resting spent in this place.
 E = Time spent auto-exploring this place.
 F = Levels seen in this place.
 G = Mean time per level.
                   A        B        C        D        E       F      G
               +--------+--------+--------+--------+--------+-----+--------+
         Total |   2437 |   2352 |     85 |     11 |   1959 |   4 |  609.2 |
       Dungeon |   2437 |   2352 |     85 |     11 |   1959 |   4 |  609.2 |
               +--------+--------+--------+--------+--------+-----+--------+

Top non-repeatable levels by time:
     D:3: 925 daAuts
     D:2: 760 daAuts
     D:1: 744 daAuts
     D:4: 7 daAuts
